 Dungeon Crawl Stone Soup version 0.18.1-50-g88ac8fd (webtiles) character file.

75 Amnesiac the Cutter (level 4, 0/23 HPs)
             Began as a Vine Stalker Fighter on Mar 11, 2018.
             Succumbed to an adder's poison
             ... on level 3 of the Dungeon.
             The game lasted 00:01:21 (487 turns).

Amnesiac the Cutter (Vine Stalker Fighter)           Turns: 487, Time: 00:01:21

Health: 0/23       AC:  6    Str: 19    XL:     4   Next: 31%
Magic:  4/5        EV:  7    Int:  8    God:
Gold:   12         SH:  9    Dex: 14    Spells: 0 memorised, 3 levels left

rFire  . . .     SeeInvis .     a - +0 rapier
rCold  . . .     Gourm    .     b - +0 scale mail
rNeg   . . .     Faith    .     c - +0 shield
rPois  .         Spirit   +     (no helmet)
rElec  .         Dismiss  .     (no cloak)
rCorr  .         Reflect  .     (no gloves)
SustAt .         Harm     .     (no boots)
MR     .....                    (no amulet)
Stlth  ..........               (no ring)
                                k - ring of flight

@: lethally poisoned (0 -> -3), not resistant to hostile enchantments, extremely
unstealthy
A: fangs 2, regeneration 1, magic shield, antimagic bite, no device heal 3, rot
immunity
a: Evoke Flight


You were on level 3 of the Dungeon.
You were not hungry.

You visited 1 branch of the dungeon, and saw 3 of its levels.

You collected 12 gold pieces.

Inventory:

Hand Weapons
 a - a +0 rapier (weapon)
Armour
 b - a +0 scale mail (worn)
 c - a +0 shield (worn)
Jewellery
 k - a ring of flight (left hand)
Scrolls
 e - 2 scrolls of teleportation {!r, unknown}
 h - a scroll of immolation {!r, unknown}
 j - a scroll of enchant armour {!r, unknown}
Potions
 d - a potion of might {!q}
Comestibles
 f - a bread ration
 g - 7 chunks of flesh
 i - a meat ration


   Skills:
 + Level 2.7 Fighting
 - Level 4.0 Short Blades
 - Level 2.4 Armour
 - Level 2.6 Shields


You had 3 spell levels left.
You didn't know any spells.

Dungeon Overview and Level Annotations

Branches:
Dungeon (3/15)

Altars:


Innate Abilities, Weirdness & Mutations

You have extremely sharp teeth.
Your natural rate of healing is unusually fast.
When hurt, damage is shared between your health and your magic reserves.
Your bite disrupts and absorbs the magic of your enemies.
Potions and wands cannot restore your health.
You are immune to rotting.


Message History

You closely miss the adder.
The adder is heavily wounded.
You feel sick. The orc hits you but does no damage.
You block the adder's attack. The orc hits you but does no damage.
The adder bites you.
You are more poisoned.
The adder poisons you!
You feel sick.
You feel sick. The adder closely misses you.
You feel sick.
You feel sick. The adder bites you but does no damage.
You closely miss the adder.
The adder is heavily wounded.
You feel sick. You block the adder's attack.
You miss the adder. You bite the adder, but do no damage.
The adder is heavily wounded.
The adder bites you but does no damage. x2
You barely miss the adder.
The adder is heavily wounded.
The adder bites you.
* * * LOW HITPOINT WARNING * * *
You are more poisoned.
The adder poisons you!
You hit the adder.
The adder is severely wounded.
You feel sick. The adder bites you but does no damage.
You closely miss the adder.
The adder is severely wounded.
You feel sick. The adder bites you.
* * * LOW HITPOINT WARNING * * *
You are lethally poisoned!
The adder poisons you! The adder bites you but does no damage.
You closely miss the adder.
The adder is severely wounded.
* * * LOW HITPOINT WARNING * * *
You feel sick. You block the adder's attack.
You miss the adder. You bite the adder. You drain its power.
You feel invigorated.
You kill the adder!
* * * LOW HITPOINT WARNING * * *
You feel sick.
Drink which item? (? for menu, Esc to quit)
Okay, then.
You hit the orc. You bite the orc, but do no damage.
The orc is heavily wounded.
* * * LOW HITPOINT WARNING * * *
You feel sick. The orc barely misses you.
You puncture the orc!
You kill the orc!
Your Short Blades skill increases to level 4!
* * * LOW HITPOINT WARNING * * *
You feel sick.
You puncture the orc!
You kill the orc!
* * * LOW HITPOINT WARNING * * *
You feel sick.
* * * LOW HITPOINT WARNING * * *
You feel sick.
* * * LOW HITPOINT WARNING * * *
You feel sick.
You die...

#...#....#....#
#...#.........#
#....#.#......#
#)##[#.#<.....#
#. #.#.#.#....#
#.
#.#.#....#...
#. #.#.######
## #.#.. #@###
#........
...###### ###.#
.# .. .. ..#


There were no monsters in sight!

Vanquished Creatures
  Ijyb (D:2)
  2 adders (D:3)
  An ooze (D:2)
  A giant gecko (D:1)
  3 orcs
  A giant cockroach (D:1)
  4 goblins
  4 hobgoblins
  A quokka (D:2)
  A kobold (D:2)
  5 rats (D:1)
24 creatures vanquished.

Vanquished Creatures (others)
  An orc (D:3)
1 creature vanquished.

Grand Total: 25 creatures vanquished

Notes
Turn   | Place    | Note
--------------------------------------------------------------
     0 | D:1      | Amnesiac the Vine Stalker Fighter began the quest for the Orb.
     0 | D:1      | Reached XP level 1. HP: 11/11 MP: 2/2
    16 | D:1      | Reached skill level 2 in Short Blades
    85 | D:1      | Reached XP level 2. HP: 16/16 MP: 3/3
   278 | D:2      | Noticed Ijyb
   298 | D:2      | Killed Ijyb
   298 | D:2      | Reached skill level 3 in Short Blades
   298 | D:2      | Reached XP level 3. HP: 19/19 MP: 4/4
   405 | D:3      | Reached XP level 4. HP: 22/23 MP: 5/5
   482 | D:3      | Reached skill level 4 in Short Blades
   484 | D:3      | HP: 1/23 [poisoned by an adder]
   487 | D:3      | Succumbed to an adder's poison

Skill      XL: |  1  2  3  4 |
---------------+-------------+-----
Short Blades   | 2 3 4 |  4.0
Fighting       | |  2.7
Armour         | |  2.4
Shields        | |  2.6

Action                   |  1- 3 |  4- 6 || total
-------------------------+-------+-------++-------
Melee: Rapier            |    65 |    20 ||    85
       Bite              |    20 |     6 ||    26
Armor: Scale mail        |    16 |    13 ||    29
Dodge: Dodged            |    12 |     3 ||    15
Block: Shield            |    27 |     9 ||    36
